 Dungeon Crawl Stone Soup version 0.21.0-24-g2553a33 (webtiles) character file.

51 Monsterracer the Slasher (level 4, -1/30 HPs)
             Began as a Halfling Gladiator on Jan 21, 2018.
             Slain by an orc priest
             ... wielding a cursed +0 club
              (3 damage)
             ... on level 2 of the Dungeon.
             The game lasted 00:01:02 (1353 turns).

Monsterracer the Slasher (Halfling Gladiator)       Turns: 1353, Time: 00:01:03

Health: -1/30      AC:  9    Str: 16    XL:     4   Next: 7%
Magic:  4/4        EV: 10    Int:  6    God:
Gold:   68         SH:  0    Dex: 15    Spells: 3/3 levels left

rFire    . . .     SeeInvis .   a - +0 long sword
rCold    . . .     Gourm    .   (shield restricted)
rNeg     . . .     Faith    .   k - +0 chain mail
rPois    .         Spirit   .   f - +0 helmet
rElec    .         Reflect  .   (no cloak)
rCorr    .         Harm     .   (no gloves)
MR       .....                  (no boots)
Stlth    ..........             (no amulet)
HPRegen  0.10/turn              (no ring)
MPRegen  0.09/turn              (no ring)

@: no status effects
A: small, mutation resistance 1
a: no special abilities


You were on level 2 of the Dungeon.
You were hungry.

You visited 1 branch of the dungeon, and saw 2 of its levels.

You collected 68 gold pieces.

Inventory:

Hand Weapons
 a - a +0 long sword (weapon)
Missiles
 d - 3 throwing nets (quivered)
Armour
 f - a +0 helmet (worn)
 k - a +0 chain mail (worn)
Scrolls
 e - 2 scrolls of enchant armour {unknown}
 g - a scroll of teleportation {unknown}
 i - a scroll of fear {unknown}
 j - a scroll of random uselessness {unknown}
 l - a scroll of identify {unknown}
 o - 3 scrolls of remove curse {unknown}
Potions
 b - 2 potions of lignification {unknown}
 h - 2 potions of curing {unknown}
 m - 2 potions of agility {unknown}
Comestibles
 c - 2 rations
 n - a chunk of flesh


   Skills:
 + Level 2.3 Fighting
 * Level 3.9 Long Blades
 - Level 2.0 Throwing
 + Level 0.5 Armour
 - Level 3.6 Dodging


You had 3 spell levels left.
You didn't know any spells.

Dungeon Overview and Level Annotations

Branches:
Dungeon (2/15)

Altars:
Xom


Innate Abilities, Weirdness & Mutations

You are small and have problems with some larger weapons.
You are somewhat resistant to further mutation.


Message History

The adder bites you but does no damage. x2
You hit the adder.
The adder is almost dead.
The adder bites you but does no damage.
You slash the adder!
You kill the adder!
You have reached level 4!
Health restored: 29; MP restored: 4 You see here an adder corpse.
You butcher the adder corpse.
n - 2 chunks of flesh You see here an adder skeleton.
Eating one of 2 chunks of flesh.
You eat one of the 2 chunks of flesh.
This raw flesh tastes terrible.
o - 3 scrolls labeled NEVVUIGOUXT You see here an adder skeleton.
h - 2 lumpy yellow potions (gained 1)
You now have 68 gold pieces (gained 8).
A ball python comes into view.
Found a robe.
A bat comes into view.
The bat barely misses you. x2
Your chain mail prevents you from hitting the bat.
The bat barely misses you.
You riposte.
You hit the bat.
You kill the bat!
You slash the ball python!
You kill the ball python!
Health restored: 30 You see here a bat corpse.
Found an escape hatch in the ceiling.
No target in view!
Key pressed, stopping explore.
No target in view!
No target in view!
An orc comes into view. It is wielding a dagger.
An orc is nearby!
An orc comes into view. It is wielding a club.
The orc shouts!
An orc priest comes into view. It is wielding a club.
There are monsters nearby!
The orc barely misses you.
You hit the orc.
The orc is moderately wounded.
The orc barely misses you. The orc misses you.
You riposte.
You closely miss the orc. You closely miss the orc.
The orc is moderately wounded.
The orc misses you.
You riposte.
You hit the orc.
The orc is heavily wounded.
The orc hits you but does no damage. x2
You barely miss the orc.
The orc is heavily wounded.
The orc completely misses you. The orc barely misses you.
An orc comes into view. It is wielding a dagger.
The orc shouts!
You slash the orc!
You kill the orc!
You hear a shout!
The orc hits you but does no damage.
You closely miss the orc priest.
The orc priest hits you but does no damage.
The orc misses you.
An orc comes into view.
You hit the orc priest.
The orc priest is lightly wounded.
The orc priest misses you. The orc hits you with a club.
You take 1 damage, and have 29/30 hp.
You hit the orc priest.
The orc priest is lightly wounded.
The orc priest barely misses you.
You riposte.
You closely miss the orc priest.
The orc priest is lightly wounded.
The orc hits you but does no damage.
You hit the orc priest.
The orc priest is heavily wounded.
The orc priest calls down the wrath of Beogh upon you.
Pain shoots through your body!
* * * LOW HITPOINT WARNING * * *
The orc hits you but does no damage. The orc priest barely misses you.
You take 14 damage, and have 15/30 hp.
MASSIVE DAMAGE!!
You hit the orc priest.
The orc priest is severely wounded.
The orc hits you but does no damage.
The orc priest hits you but does no damage.
You closely miss the orc priest.
The orc priest is severely wounded.
You are feeling hungry.
The orc hits you but does no damage.
The orc priest invokes the aid of Beogh against you.
Beogh smites you!
* * * LOW HITPOINT WARNING * * *
You take 13 damage, and have 2/30 hp.
MASSIVE DAMAGE!!
You closely miss the orc priest.
The orc priest is severely wounded.
The orc hits you but does no damage.
The orc priest hits you but does no damage.
The orc hits you but does no damage.
You hit the orc priest but do no damage.
The orc priest is severely wounded.
The orc priest hits you with a club.
You die...

######..[..####.#
#..<..............#
#. ######.#########
#. #.# ##. #.# ..
#.# #. #.#
###.##o#######.#
....ooo@.......#
################


You could see an orc priest and 3 orcs.

Vanquished Creatures
  An adder (D:2)
  A gnoll (D:1)
  An ooze (D:1)
  A dart slug (D:1)
  An orc (D:2)
  2 ball pythons
  A giant cockroach (D:1)
  4 goblins (D:1)
  3 hobgoblins (D:1)
  3 kobolds (D:1)
  3 bats
  3 frilled lizards (D:1)
  3 rats (D:1)
27 creatures vanquished.

Notes
Turn   | Place    | Note
-------+----------+-------------------------------------------
     0 | D:1      | Monsterracer the Halfling Gladiator began the quest for the Orb.
     0 | D:1      | Reached XP level 1. HP: 14/14 MP: 1/1
   185 | D:1      | Reached XP level 2. HP: 19/19 MP: 2/2
   464 | D:1      | Reached XP level 3. HP: 22/24 MP: 3/3
  1247 | D:2      | Found a shimmering altar of Xom.
  1256 | D:2      | Reached XP level 4. HP: 29/29 MP: 4/4
  1349 | D:2      | HP: 15/30 [orc priest/nerve-wracking pain (14)]
  1351 | D:2      | HP: 2/30 [orc priest/divine providence (13)]
  1353 | D:2      | Slain by an orc priest

Skill      XL: |  1 |
---------------+----+-----
Fighting       | 2 |  2.3
Long Blades    | |  3.9
Throwing       | |  2.0
Armour         | |  0.5
Dodging        | |  3.6

Action                   |  1- 3 |  4- 6 || total
-------------------------+-------+-------++-------
Melee: Long sword        |    61 |    14 ||    75
  Eat: Chunk             |       |     1 ||     1
Armor: Leather armour    |    10 |       ||    10
       Chain mail        |    13 |     7 ||    20
Dodge: Dodged            |    52 |    13 ||    65
       Rpst.: Long sword |    22 |     4 ||    26

Vault maps used:
D:1:      dpeg_arrival_rooms_with_view
D:2:      lemuel_doored_altar, eat_drink_and_be_merry_uskayaw,
          nicolae_overflow_crystal_walls, uniq_jessica, uniq_terence, uniq_robin
